 Dungeon Crawl Stone Soup version 0.32-a0-172-gc5dd13f2a7 (webtiles) character file.

Game seed: 14716655934779549392

4788 Dittersdorf the Blocker (level 10, -5/66 HPs)
             Began as a Gargoyle Fighter on Feb 12, 2024.
             Was an Initiate of Gozag.
             Slain by Prince Ribbit (8 damage)
             ... in a bailey.
             The game lasted 00:10:56 (7965 turns).

Dittersdorf the Blocker (Gargoyle Fighter)          Turns: 7965, Time: 00:10:57

Health: -5/66      AC: 25    Str: 25    XL:     10   Next: 47%
Magic:  10/10      EV:  8    Int:  8    God:    Gozag
Gold:   430        SH:  5    Dex:  9    Spells: 9/9 levels left

rFire   + . .        a - +1 flail
rCold   + + .        c - +0 buckler
rNeg    + . .        l - +3 chain mail {rC+}
rPois   ∞            (no helmet)
rElec   +            q - scarf {rC+ rF+}
rCorr   .            (no gloves)
SInv    .            (no boots)
Will    .....        (no amulet) Stlth
                     f - +4 ring of protection
HPRegen 0.31/turn    (no ring)
MPRegen 0.12/turn

%: no passive effects
@: invisible
A: sickness immunity, AC +7, negative energy resistance 1, electricity
resistance, torment resistance 1, petrification resistance
a: Renounce Religion, Potion Petition, Call Merchant, Bribe Branch


You were in a bailey.
You worshipped Gozag.
Gozag was aware of your devotion.
You visited 2 branches of the dungeon, and saw 9 of its levels.
You also visited: Bailey.

You collected 617 gold pieces.
You spent 100 gold pieces at shops.
You paid 87 gold pieces to Gozag.

Inventory:

Hand Weapons
 a - a +1 flail (weapon)
Missiles
 s - 2 throwing nets
Armour
 c - a +0 buckler (worn)
 l - a +3 chain mail of cold resistance (worn)
 q - a scarf of resistance (worn)
Jewellery
 f - a +4 ring of protection (left hand)
 r - a ring of ice
Wands
 e - a wand of paralysis (10)
 o - a wand of flame (16)
Scrolls
 j - 4 scrolls of teleportation
 k - 4 scrolls of fear
Potions
 b - a potion of resistance
 d - 2 potions of haste {unknown}
 g - 2 potions of heal wounds
 h - a potion of mutation {unknown}
 i - 2 potions of cancellation
 t - a potion of magic {unknown}


   Skills:
 + Level 9.0 Fighting
 + Level 7.7 Maces & Flails
 + Level 9.0 Armour
 + Level 9.0 Shields


You had 9 spell levels left.
You didn't know any spells.
Your spell library contained the following spells:

 Spells                   Type           Power      Damage    Failure   Level
 Apportation              Tloc           0%         N/A       91%         1
 Magic Dart               Conj           0%         1d3       91%         1
 Necrotise                Necr           0%         1d4       91%         1
 Sting                    Conj/Alch      0%         1d3       91%         1
 Summon Small Mammal      Summ           0%         N/A       91%         1
 Blink                    Tloc           0%         N/A       97%         2
 Call Imp                 Summ           0%         N/A       97%         2
 Jinxbite                 Hex            0%         N/A       97%         2
 Static Discharge         Conj/Air       0%         3-3/arc   97%         2
 Call Canine Familiar     Summ           0%         N/A       99%         3
 Dazzling Flash           Conj/Hex       0%         N/A       99%         3
 Sigil of Binding         Hex            0%         N/A       99%         3
 Airstrike                Air            0%         2d(0-16)  100%        4
 Dimensional Bullseye     Hex/Tloc       0%         N/A       100%        4
 Ignite Poison            Fire/Alch      0%         N/A       100%        4
 Summon Lightning Spire   Summ/Air       0%         N/A       100%        4
 Vhi's Electric Charge    Tloc/Air       0%         N/A       100%        4
 Arcjolt                  Conj/Air       0%         1d10      100%        5
 Freezing Cloud           Conj/Ice/Air   0%         6-21      100%        5
 Metabolic Englaciation   Hex/Ice        0%         N/A       100%        5
 Yara's Violent Unravell  Hex/Alch       0%         3d3       100%        5
 Enfeeble                 Hex            0%         N/A       100%        7
 Maxwell's Capacitive Co  Air            0%         ∞         100%        8
 Cigotuvi's Dreadful Rot  Necr/Alch/Air  Unusable   N/A       N/A         2

Dungeon Overview and Level Annotations

Branches:
Dungeon (8/15)             Temple (1/1) D:7          Bailey (1/1)
   Lair: D:8-11

Altars:
Ashenzari
Cheibriados
Dithmenos
Elyvilon
Fedhas
Gozag
Hepliaklqana
Kikubaaqudgha
Makhleb
Nemelex Xobeh
Okawaru
Qazlal
Ru
Sif Muna
Trog
Uskayaw
Vehumet
Wu Jian
Xom
Yredelemnul
Zin
The Shining One

Shops:
D:6 !

Annotations:
D:3 1 runed translucent door, dialectric's ghost, amateur DsFi
D:7 Jeremiah Bailey Prince Ribbit


Innate Abilities, Weirdness & Mutations

You are immune to sickness and miasma.
Your stone body is resilient. (AC +7)
You are immune to poison.
You resist negative energy. (rN+)
You are resistant to electric shocks. (rElec)
You are resistant to unholy torment.
You are immune to petrification.


Message History

The vault guard hits you but does no damage.
You barely miss the vault guard.
The vault guard is heavily wounded.
The vault guard hits you with a +0 broad axe.
You hit the vault guard but do no damage.
The vault guard is heavily wounded.
The vault guard hits you with a +0 broad axe!
You hit the vault guard but do no damage.
The vault guard is heavily wounded.
The vault guard hits you with a +0 broad axe.
You closely miss the vault guard.
The vault guard is heavily wounded.
Prince Ribbit hits you.
The vault guard hits you with a +0 broad axe.
* * * LOW HITPOINT WARNING * * *
Prince Ribbit hits you but does no damage.
You barely miss the vault guard.
The vault guard is heavily wounded.
The vault guard closely misses you. You block Prince Ribbit's attack.
You hit the vault guard but do no damage.
The vault guard is heavily wounded.
You block the vault guard's attack.
Prince Ribbit croaks regally.
You block the vault guard's attack.
You hit the vault guard.
The vault guard is severely wounded.
The vault guard looks more healthy.
Prince Ribbit hits you but does no damage.
The vault guard hits you but does no damage.
You hit the vault guard.
The vault guard is severely wounded.
Prince Ribbit hits you!
* * * LOW HITPOINT WARNING * * *
The vault guard hits you with a +0 broad axe!
* * * LOW HITPOINT WARNING * * *
You closely miss the vault guard.
The vault guard is severely wounded.
Prince Ribbit hits you!
You die...
Your body crumbles into a pile of gold.

##≈~..~~~~~≈#
'###≈~.....~~~≈#
.≈≈≈~......~~~≈#
#......~)..~~≈##
#~~~......~~~≈#
#~~~##'##~~≈##
##~##.)[##≈##
###..pF.###
#..@..# #.....#
#.....# #....?#
##...## #####


You could see a vault guard and Prince Ribbit (unable to see you).

Vanquished Creatures
  A vault guard (Bailey)
  Grinder (D:3)
  5 humans (Bailey)
  2 sky beasts (D:7)
  2 orc warriors
  5 black bears
  An ogre (D:3)
  A phantom (D:5)
  2 kobold brigands
  18 bullfrogs
  2 scorpions
  2 bombardier beetles
  A hound (D:4)
  4 jellies
  A gnoll bouda (D:7)
  3 orc priests (D:6)
  Jessica (D:3)
  2 orc wizards
  A sleepcap (D:5)
  7 iguanas
  Terence (D:2)
  9 gnolls
  5 adders
  A shadow imp (D:7)
  A white imp (D:6)
  2 ufetubi (D:6)
  A dart slug (D:2)
  A ribbon worm (D:2)
  24 orcs
  7 ball pythons
  4 bats
  5 endoplasms
  3 giant cockroaches
  11 goblins
  12 hobgoblins
  10 jackals
  11 kobolds
  5 quokkas
  3 frilled lizards
  2 rats (D:2)
180 creatures vanquished.

Notes
Turn   | Place    | Note
-------+----------+-------------------------------------------
     0 | D:1      | Dittersdorf the Gargoyle Fighter began the quest for the
                  | Orb.
     0 | D:1      | Reached XP level 1. HP: 14/14 MP: 1/1
    70 | D:1      | Reached XP level 2. HP: 19/19 MP: 2/2
   303 | D:1      | Reached XP level 3. HP: 12/24 MP: 3/3
  1360 | D:2      | Reached XP level 4. HP: 27/29 MP: 4/4
  1417 | D:2      | Noticed Terence
  1424 | D:2      | Killed Terence
  2025 | D:3      | Found a faded altar of an unknown god.
  2055 | D:3      | Noticed Grinder
  2070 | D:3      | Paralysed by Grinder for 3 turns
  2088 | D:3      | Killed Grinder
  2089 | D:3      | Reached XP level 5. HP: 6/34 MP: 5/5
  2089 | D:3      | Reached XP level 6. HP: 7/39 MP: 6/6
  2223 | D:3      | Found a runed translucent door.
  2238 | D:3      | Noticed dialectric's ghost (amateur DsFi)
  2255 | D:3      | Noticed Jessica
  2259 | D:3      | Killed Jessica
  2492 | D:3      | Reached skill level 5 in Fighting
  2492 | D:3      | Reached skill level 5 in Armour
  2492 | D:3      | Reached skill level 5 in Shields
  2492 | D:3      | Reached XP level 7. HP: 5/44 MP: 7/7
  3292 | D:4      | Found a basalt altar of Yredelemnul.
  3312 | D:4      | Identified the +0 leather armour of Kozae {Int+2 Dex+2}
  3566 | D:4      | Found a snail-covered altar of Cheibriados.
  3683 | D:4      | Found a shimmering blue altar of Sif Muna.
  3842 | D:5      | Entered Level 5 of the Dungeon
  3887 | D:5      | Found a blossoming altar of Fedhas.
  4058 | D:5      | Reached XP level 8. HP: 29/51 MP: 8/8
  4323 | D:5      | Reached skill level 5 in Maces & Flails
  4532 | D:5      | Found an iron altar of Okawaru.
  4951 | D:6      | Found Nysuges's Distillery.
  4962 | D:6      | Bought a potion of heal wounds for 50 gold pieces
  4962 | D:6      | Bought a potion of heal wounds for 50 gold pieces
  5326 | D:6      | Found a shimmering altar of Xom.
  5500 | D:7      | Reached XP level 9. HP: 54/57 MP: 9/9
  5893 | D:7      | Found a staircase to the Ecumenical Temple.
  5903 | Temple   | Entered the Ecumenical Temple
  5920 | Temple   | Became a worshipper of Gozag Ym Sagoz the Greedy
  5988 | D:7      | Noticed Jeremiah
  6789 | D:7      | Found a burning altar of Makhleb.
  6793 | D:7      | Got the Enchiridion on Hexing
  6798 | D:7      | Found a hide-covered altar of Uskayaw.
  7104 | D:8      | Found a flagged portal.
  7113 | Bailey   | Entered a bailey
  7355 | Bailey   | Reached XP level 10. HP: 44/64 MP: 10/10
  7792 | Bailey   | Noticed Prince Ribbit
  7792 | Bailey   | Noticed a vault guard
  7810 | Bailey   | Killed a vault guard
  7943 | Bailey   | Noticed a vault guard
  7964 | Bailey   | HP: 3/66 [vault guard/+0 broad axe (10)]
  7965 | Bailey   | Slain by Prince Ribbit

Illustrated notes

Levels and vault maps discovered:
D:1:      tarquinn_simple_flora_water_b, layout_loops_corners, minivault_19,
          serial_park_tiny_pond, hangedman_decor_points, minmay_misc_feat_alley
D:2:      layout_basic, uniq_terence
D:3:      layout_basic, ebering_ghost_sewer_d, nicolae_ecumenical_oubliette,
          corexii_shack, chequers_serial_rivers_micro_d, uniq_grinder,
          uniq_jessica
D:4:      layout_rooms, mainiacjoe_overflow_surrounded_room,
          kennysheep_orc_sif_temple, slow_altar_2, kennysheep_generic_room_16
D:5:      layout_basic, lemuel_doored_altar,
          mainiacjoe_overflow_six_doors_small, skrybe_limestone_x
D:6:      layout_cave_pools, lemuel_coloured_pillars_altar, serial_shops,
          nicolae_shop_waterfront
D:7:      layout_rooms, mainiacjoe_overflow_catwalk_spiral,
          minmay_temple_entry_antechambers, uniq_jeremiah
D:8:      layout_layer_cave, enter_bailey_8, st_stairs_4, minmay_crystal_water
Temple:   eino_temple_water
Bailey:   bailey_axe_froggy_fort_hellmonk, bailey

Skill      XL: |  1  2  3  4  5  6  7  8  9 10 |
---------------+-------------------------------+-----
Fighting       | 4 5 7 8 9 |  9.0
Armour         | 4 5 6 8 9 |  9.0
Shields        | 4 5 7 8 9 |  9.0
Maces & Flails | 3 4 5 7 |  7.7

Action                     |  1- 3 |  4- 6 |  7- 9 | 10-12 || total
---------------------------+-------+-------+-------+-------++-------
  Melee: Flail             |   183 |   121 |   575 |   121 ||  1000
  Throw: Dart              |       |       |       |     2 ||     2
    Use: Scroll            |       |       |    14 |       ||    14
         Potion            |       |       |     7 |     5 ||    12
   Stab: Invisible         |       |       |     2 |     2 ||     4
 Armour: Scale mail        |   127 |     9 |       |       ||   136
         Chain mail        |       |    86 |   677 |   203 ||   966
  Dodge: Dodged            |    88 |    36 |   324 |    74 ||   522
  Block: Buckler           |    55 |    24 |   221 |    67 ||   367

Table legend: (Time is in decaauts)
 A = Elapsed time spent in this place.
 B = Non-inter-level travel time spent in this place.
 C = Inter-level travel time spent in this place.
 D = Time resting spent in this place.
 E = Time spent auto-exploring this place.
 F = Levels seen in this place.
 G = Mean time per level.
                   A        B        C        D        E       F      G
               +--------+--------+--------+--------+--------+-----+--------+
         Total |   8163 |   7935 |    228 |   1350 |   4444 |  10 |  816.3 |
       Dungeon |   7258 |   7062 |    196 |    918 |   4442 |   8 |  907.2 |
        Temple |     34 |      2 |     32 |      0 |      0 |   1 |   34.0 |
        Bailey |    870 |    870 |      0 |    432 |      2 |   1 |  870.0 |
               +--------+--------+--------+--------+--------+-----+--------+

Top non-repeatable levels by time:
     D:6: 1262 daAuts
     D:1: 1157 daAuts
     D:7: 1061 daAuts
     D:3: 1048 daAuts
     D:2: 902 daAuts
  Bailey: 870 daAuts
     D:5: 860 daAuts
     D:4: 848 daAuts
     D:8: 117 daAuts
  Temple: 34 daAuts
